 Dungeon Crawl Stone Soup version 0.18.1-6-gd335043 (webtiles) character file.

8 jacquesderrida the Charmwright (level 2, 22/22 HPs)
             Began as a Demonspawn Skald on May 15, 2016.
             Quit the game on level 1 of the Dungeon.
             The game lasted 00:00:13 (206 turns).

jacquesderrida the Charmwright (Demonspawn Skald)    Turns: 206, Time: 00:00:13

Health: 22/22      AC:  3    Str: 12    XL:     2   Next: 0%
Magic:  5/5        EV: 11    Int: 13    God:
Gold:   20         SH:  0    Dex: 12    Spells: 1 memorised, 4 levels left

rFire  . . .     SeeInvis .     a - +0 spear
rCold  . . .     Gourm    .     b - +0 leather armour
rNeg   . . .     Faith    .     (no shield)
rPois  .         Spirit   .     (no helmet)
rElec  .         Dismiss  .     (no cloak)
rCorr  .         Reflect  .     (no gloves)
SustAt .         Harm     .     (no boots)
MR     .....                    (no amulet)
Stlth  +.........               (no ring)
                                (no ring)

@: not resistant to hostile enchantments, very unstealthy
A: powered by pain 1
a: no special abilities


You were on level 1 of the Dungeon.
You were not hungry.

You visited 1 branch of the dungeon, and saw 1 of its levels.

You collected 20 gold pieces.

Inventory:

Hand Weapons
 a - a +0 spear (weapon)
Armour
 b - a +0 leather armour (worn)
Scrolls
 f - a scroll of teleportation {unknown}
 g - a scroll of remove curse {unknown}
 h - a scroll of blinking {unknown}
Potions
 e - a potion of flight {unknown}
Books
 c - a book of Battle

   Spells                             Type                      Level
   a - Infusion                       Charms                       1
   b - Shroud of Golubria             Charms/Translocation         2
   c - Song of Slaying                Charms                       2
   d - Spectral Weapon                Hexes/Charms                 3
   e - Regeneration                   Charms/Necromancy            3
Comestibles
 d - a bread ration


   Skills:
 + Level 2.0 Fighting
 + Level 1.7 Polearms
 + Level 1.0 Armour
 + Level 1.1 Dodging
 + Level 2.1 Spellcasting
 + Level 3.0 Charms


You had 4 spell levels left.
You knew the following spells:

 Your Spells              Type           Power        Failure   Level  Hunger
a - Infusion              Chrm           #...         12%         1    ##.....


Dungeon Overview and Level Annotations

Branches:
Dungeon (1/15)

Altars:


Innate Abilities, Weirdness & Mutations

You sometimes gain a little power by taking damage.


Message History

A dart slug comes into view.
The bat barely misses you.
You see here a rat corpse.
There are monsters nearby!
You barely miss the bat. The bat hits you but does no damage. x2
Attack whom?
Press: ? - help, Dir - move target cursor, f - goblin
Aim: a goblin, wielding a dagger You reach to attack!
You barely miss the goblin. The bat hits you but does no damage.
You closely miss the goblin. The bat barely misses you. The bat misses you.
You closely miss the goblin. The bat misses you. The goblin misses you.
The goblin completely misses you.
You hit the goblin.
You kill the goblin!
You have reached level 2!
Your demonic ancestry asserts itself...
You feel energised by your suffering. The bat barely misses you.
Are you sure you want to abandon this character and quit the game? (Confirm with "yes".)

#...#....# #..........
..#...##...# #.........
..#....#.... #.........
.##...##... #........
..#....##.. #...w....
#.##... ### ........#
###..## # ⌠......b#
#.....## .8....)@#
#......####
....#.#.####....#....###
. # #.##........##....
#.................
####...........##.
#........##.##.
#).......##.##.
#........##....
#........#####.


You could see a dart slug and a bat.

Vanquished Creatures
  An ooze (D:1)
  A bat (D:1)
  A goblin (D:1)
  2 rats (D:1)
5 creatures vanquished.

Notes
Turn   | Place    | Note
--------------------------------------------------------------
     0 | D:1      | jacquesderrida the Demonspawn Skald began the quest for the Orb.
     0 | D:1      | Reached XP level 1. HP: 16/16 MP: 3/3
   104 | D:1      | Reached skill level 1 in Dodging
   173 | D:1      | Reached skill level 1 in Armour
   199 | D:1      | Reached skill level 3 in Charms
   205 | D:1      | Gained mutation: You sometimes gain a little power by taking damage. [demonic ancestry]
   205 | D:1      | Reached XP level 2. HP: 22/22 MP: 5/5
   206 | D:1      | Quit the game

Skill      XL: |  1 |
---------------+----+-----
Dodging        | 1 |  1.1
Armour         | 1 |  1.0
Charms         | 3 |  3.0
Fighting       | |  2.0
Polearms       | |  1.7
Spellcasting   | |  2.1

Action                   || total
-------------------------++-------
Melee: Spear             ||    24
Armor: Leather armour    ||     9
Dodge: Dodged            ||    16
